AoeStats
← Maty

Arabia

505705346Analyzed
1v1 RM · 21d ago on Sep 10, 2026· 38m 44s· 2 players
Game mode
Random Map
Map size
Tiny (2 player)
Population
200
Speed
Normal
Resources
Standard
Victory
Conquest
Starting age
Dark Age
Ending age
Imperial Age
RankedLock teamsTeams togetherTeam positionsShared explorationLock speedFull tech treeHidden civsTurbo modeCheats
Victory
Defeat
🇪🇨 Malay · Ecuador
1917
+18
🇦🇷 Byzantines · Argentina
1953
-18
Maty
7:36 Loom
9:50 Feudal Age
10:27 Double-Bit Axe
10:09 Man-at-Arms
16:10 Fletching
19:05 Town Watch
21:59 Castle Age
19:56 Horse Collar
20:33 Gold Mining
20:58 Padded Archer Armor
20:59 Elite Skirmisher
22:46 Bow Saw
22:32 Bodkin Arrow
24:14 Wheelbarrow
24:01 Leather Archer Armor
27:21 Sanctity
29:33 Heavy Plow
29:46 Stone Mining
31:46 Ballistics
35:08 Imperial Age
34:45 Bracer
36:09 Ring Archer Armor
37:39 Forging
39:44 Chemistry
RaggedCone8628
7:17 Loom
9:34 Feudal Age
9:47 Man-at-Arms
14:26 Fletching
15:48 Double-Bit Axe
17:31 Wheelbarrow
20:55 Castle Age
19:08 Horse Collar
19:45 Padded Archer Armor
21:33 Bodkin Arrow
21:16 Elite Skirmisher
22:19 Leather Archer Armor
22:44 Bow Saw
23:39 Gold Mining
24:50 Heavy Plow
25:33 Ballistics
26:00 Thumb Ring
29:00 Hand Cart
34:53 Pikeman
37:03 Squires
Connection lost

Rejoining the realm…

Still unreachable

The connection could not be restored.

Session expired

The server has moved on; the page needs a fresh start.